 Dungeon Crawl Stone Soup version 0.26-a0-259-g1effd001a9 (webtiles) character file.

Game seed: 2330794931695750280

112045 Inarius the Lord of Darkness (level 16, -1/122 HPs)
             Began as a Hill Orc Necromancer on July 19, 2020.
             Was the Champion of Kikubaaqudgha.
             Slain by a spriggan rider
             ... wielding a +0 spear
              (9 damage)
             ... on level 2 of the Swamp on July 20, 2020.
             The game lasted 01:46:28 (38449 turns).

Inarius the Lord of Darkness (HONe)                Turns: 38449, Time: 01:46:29

Health: -1/122     AC: 17    Str: 13    XL:     16   Next: 59%
Magic:  28/41      EV: 11    Int: 20    God:    Kikubaaqudgha [******]
Gold:   3177       SH: 10    Dex: 11    Spells: 7/39 levels left

rFire    . . .     SeeInvis +   M - staff of earth
rCold    . . .     Faith    .   A - +1 kite shield {reflect}
rNeg     + + .     Spirit   .   I - +3 leather armour of the Gate {SInv}
rPois    .         Reflect  +   B - +1 helmet of Divine Compulsion {rN++ rCorr}
rElec    .         Harm     .   U - +1 cloak
rCorr    +                      P - +0 pair of gloves
MR       +....                  x - +0 pair of boots
Stlth    +.........             s - amulet of magic regeneration
HPRegen  0.30/turn              g - ring of magical power
MPRegen  0.52/turn              a - +4 ring of protection

@: lethally poisoned (-1 -> -3), slowed, very slow
A: no striking features
a: Receive Corpses, Torment, Renounce Religion


You were on level 2 of the Swamp.
You worshipped Kikubaaqudgha.
Kikubaaqudgha was exalted by your worship.
You were not hungry.

You visited 5 branches of the dungeon, and saw 26 of its levels.
You visited the Abyss 1 time.
You also visited: Sewer, Gauntlet and Volcano.

You collected 5105 gold pieces.
You spent 1928 gold pieces at shops.

Inventory:

Hand Weapons
 V - the +6 flail of Inarius's Quick Death {vorpal, +Blink rF+ Str+3}
   (You found it on level 13 of the Dungeon)

   It inflicts extra damage upon your enemies.
   It affects your strength (+3).
   It protects you from fire.
   It lets you blink.
Armour
 e - a +0 tower shield
 u - the +0 hat of Wyhuastre {rF+++ Str+5 Int-4}
   (You found it in a Gauntlet)

   It affects your strength (+5).
   It affects your intelligence (-4).
   It renders you almost immune to fire.
 x - a +0 pair of boots (worn)
 z - a +1 helmet of see invisible
 A - a +1 kite shield of reflection (worn)
 B - the +1 helmet of Divine Compulsion (worn) {rN++ rCorr}
   (You bought it in a shop on level 2 of the Orcish Mines)

   It greatly protects you from negative energy.
   It provides partial protection from all sources of acid and corrosion.
 I - the +3 leather armour of the Gate (worn) {SInv}
   (You found it on level 6 of the Lair of Beasts)

   It lets you see invisible.
 L - a +2 buckler of cold resistance
 P - a +0 pair of gloves (worn)
 U - a +1 cloak (worn)
Magical Staves
 M - an uncursed staff of earth (weapon)
 Z - an uncursed staff of death
Jewellery
 a - a +4 ring of protection (right hand)
 g - a ring of magical power (left hand)
 s - an amulet of magic regeneration (around neck)
 w - an uncursed ring of protection from cold
 y - the ring "Hakkuck" {rCorr Str-5 Dex+8}
   (You found it in a Gauntlet)

   [ring of resist corrosion]

   It affects your strength (-5).
   It affects your dexterity (+8).
   It provides partial protection from all sources of acid and corrosion.
 C - an uncursed ring of poison resistance
 J - an uncursed ring of positive energy
Wands
 o - a wand of iceblast (10)
 r - a wand of digging (9)
 O - a wand of clouds (11)
 Q - a wand of disintegration (2)
 S - a wand of enslavement (18)
Scrolls
 f - 2 scrolls of blinking
 h - 4 scrolls of fear
 j - 2 scrolls of enchant armour
 k - 9 scrolls of amnesia
 p - 3 scrolls of magic mapping
 v - 9 scrolls of teleportation
 E - a scroll of fog
 K - 3 scrolls of identify
 T - 8 scrolls of remove curse
 X - 3 scrolls of immolation
Potions
 b - 8 potions of mutation
 d - 5 potions of invisibility
 i - 5 potions of resistance
 l - 3 potions of heal wounds
 m - a potion of stabbing
 n - 5 potions of curing
 q - 2 potions of flight
 t - a potion of might
 D - 3 potions of brilliance
 F - 3 potions of magic
 G - 3 potions of haste
 H - a potion of ambrosia
 N - 6 potions of berserk rage
 R - 3 potions of cancellation
Miscellaneous
 W - a phial of floods (inert)
 Y - a phantom mirror
Comestibles
 c - 73 rations


   Skills:
 + Level 5.7 Fighting
   Level 0.1 Short Blades
   Level 7.2 Axes
 - Level 2.1 Staves
 + Level 4.4 Armour
 + Level 4.9 Dodging
 - Level 1.6 Stealth
 + Level 4.7 Shields
 + Level 12.4 Spellcasting
 * Level 17.6 Necromancy
 + Level 11.4 Earth Magic
 + Level 5.6 Evocations


You had 7 spell levels left.
You knew the following spells:

 Your Spells              Type           Power        Failure   Level
a - Pain                  Necr           ####         1%          1
b - Dispel Undead         Necr           ######..     1%          4
c - Vampiric Draining     Necr           ######....   1%          3
d - Animate Dead          Necr           ######....   1%          4
e - Sublimation of Blood  Necr           ######....   1%          2
f - Agony                 Necr           ######..     1%          5
g - Borgnjor's Vile Clut  Necr/Erth      #######...   1%          5
h - Infestation           Necr           ######....   77%         8

Your spell library contained the following spells:

 Spells                   Type           Power        Failure   Level
 Animate Skeleton         Necr           ######       1%          1
 Death Channel            Necr           ######....   2%          6
 Passwall                 Tmut/Erth      ######..     3%          2
 Petrify                  Tmut/Erth      ######..     24%         4
 Apportation              Tloc           ##....       26%         1
 Corona                   Hex            ##.....      26%         1
 Freeze                   Ice            ##..         26%         1
 Infusion                 Chrm           ##..         26%         1
 Magic Dart               Conj           ##..         26%         1
 Summon Small Mammal      Summ           ##..         26%         1
 Ensorcelled Hibernation  Hex/Ice        ##....       36%         2
 Searing Ray              Conj           ##....       36%         2
 Shroud of Golubria       Chrm/Tloc      ##....       36%         2
 Song of Slaying          Chrm           ##......     36%         2
 Call Canine Familiar     Summ           ##......     58%         3
 Confusing Touch          Hex            ##......     58%         3
 Dazzling Flash           Conj/Hex       ##....       58%         3
 Frozen Ramparts          Ice            ##....       58%         3
 Gell's Gravitas          Tloc           ##........   58%         3
 Ozocubu's Armour         Chrm/Ice       ##......     58%         3
 Spectral Weapon          Hex/Chrm       ##......     58%         3
 Tukima's Dance           Hex            ##......     58%         3
 Simulacrum               Ice/Necr       #####.....   71%         6
 Fulminant Prism          Conj/Hex       ##........   94%         4
 Hailstorm                Conj/Ice       ##......     94%         4
 Iskenderun's Mystic Bla  Conj/Tloc      ##......     94%         4
 Summon Ice Beast         Ice/Summ       ##......     94%         4
 Summon Lightning Spire   Summ/Air       ##......     94%         4
 Statue Form              Tmut/Erth      ######...    98%         6
 Haunt                    Necr/Summ      #####.....   99%         7
 Metabolic Englaciation   Hex/Ice        ##........   100%        5
 Silence                  Hex/Air        ##........   100%        5
 Yara's Violent Unravell  Hex/Tmut       ##........   100%        5
 Conjure Ball Lightning   Conj/Air       ##........   100%        6
 Spellforged Servitor     Conj/Summ      ##........   100%        7
 Borgnjor's Revivificati  Necr           ######....   77%         8
 Death's Door             Chrm/Necr      #####.....   100%        8
 Necromutation            Tmut/Necr      #####.....   100%        8
 Shatter                  Erth           ######....   100%        9
 Tornado                  Air            ##........   100%        9


Dungeon Overview and Level Annotations

Branches:
Dungeon (15/15)            Temple (1/1) D:4            Lair (6/6) D:10
  Swamp (2/4) Lair:3        Snake (0/4) Lair:2        Slime (0/5) Lair:6
    Orc (2/2) D:12            Elf (0/3) Orc:2        Vaults (0/5) D:14
 Depths (0/5) D:15          Sewer (visited)         Volcano (visited)
Gauntlet (visited)

Altars:
Ashenzari
Cheibriados
Dithmenos
Elyvilon
Fedhas
Gozag
Hepliaklqana
Kikubaaqudgha
Makhleb
Nemelex Xobeh
Okawaru
Qazlal
Trog
Vehumet
Wu Jian
Xom
Yredelemnul
Zin
The Shining One
Beogh
Jiyva

Shops:
D:5 (   D:7 ?   D:8 [?!   D:10 *   D:11 :   Orc:1 *   Orc:2 ![!}%

Portals:
Trove: D:15 (show abyssal rune of Zot)

Annotations:
D:14 2 transporters, melvinkitnick's ghost, journeyman GrEE
D:15 Roxanne
Lair:5 Seod's ghost, journeyman FoAK


Message History

The hornet is moderately wounded.
You feel life coursing into your body.
The spriggan rider hits you from afar with a +0 spear.
* * * LOW HITPOINT WARNING * * *
The spriggan rider hits you but does no damage.
The hornet stings you!
* * * LOW HITPOINT WARNING * * *
You are poisoned.
You feel yourself slow down.
Casting: Vampiric Draining (safe; 1% risk of failure)
Confirm with . or Enter, or press ? or * to list all spells.
Aiming: Vampiric Draining (safe; 1% risk of failure)
Press: ? - help, Shift-Dir - straight line, f/p - hornet
Aim: a hornet (moderately wounded)
The hornet is heavily wounded.
You feel life coursing into your body.
You feel sick. The hornet barely misses you.
The spriggan rider closely misses you.
The spriggan rider hits you from afar with a +0 spear!
You die...
Kikubaaqudgha rasps: "You have failed me!
Welcome... death!"

.≈≈≈. ♣.♣≈≈≈
.....≈ ♣♣
♣.....♣
♣♣♣.♣♣♣♣..≈♣.♣
♣≈.♣..≈≈≈≈≈..♣
≈≈...i).≈...♣
≈.≈≈≈≈...i.♣
≈.≈....@y..♣
....≈≈.....♣
§≈...≈§≈...♣
♣§≈.♣♣♣♣≈♣.♣
≈§≈♣ >..≈♣ ≈..
..≈≈♣ ≈≈ ..♣≈♣
..♣ .♣.♣♣


You could see 2 spriggan riders and a hornet.

Vanquished Creatures
  Rupert (Lair:3)
  Gastronok (Lair:1)
  2 orc warlords (Orc:2)
  The ghost of MirrMurr the Spear-Bearer, a journeyman TeBe of Trog (Lair:2)
  A minotaur (Gauntlet)
  Erolcha (Orc:2)
  2 ogre magi
  Harold (D:10)
  12 hydras
  2 centaur warriors
  A ghost crab (Swamp:1)
  A catoblepas (Lair:6)
  2 dancing weapons (D:14)
  5 two-headed ogres
  2 alligators
  8 death yaks
  A tengu warrior (D:15)
  A deep troll shaman (Lair:6)
  2 thrashing horrors (Gauntlet)
  Nergalle (D:12)
  5 slime creatures
  5 unseen horrors
  2 wizards (D:15)
  A deep troll (shapeshifter) (D:15)
  A necromancer (D:15)
  2 wolf spider zombies
  3 orc knights
  A harpy (D:10)
  11 orc sorcerers
  2 deep elf magi (D:15)
  12 ugly things
  3 oklob plants (Lair:1)
  4 manticores
  A salamander (D:10)
  Maurice (D:10)
  5 cyclopes
  10 elephants
  3 centaur zombies
  4 black mambas
  7 cane toads
  A water nymph (shapeshifter) (D:10)
  A torpor snail (Gauntlet)
  6 gargoyles
  4 kobold demonologists
  An efreet (Volcano)
  2 rime drakes
  5 komodo dragons
  2 trolls
  3 hornets
  2 polar bears
  A wind drake (Lair:4)
  4 tyrant leeches (Swamp:1)
  2 bog bodies
  12 blink frogs
  A dream sheep (Lair:5)
  9 hippogriffs
  2 shadows (D:15)
  Sigmund (D:5)
  A vampire (D:12)
  43 yaks
  A spriggan (Swamp:2)
  A wyvern (D:13)
  Eustachio (D:5)
  4 wraiths
  A steam dragon (D:10)
  A fire elemental (Volcano)
  5 wargs
  7 vampire mosquitoes
  5 insubstantial wisps (Swamp:1)
  4 swamp worms
  A soldier ant (D:10)
  7 porcupines
  11 water moccasins
  A swamp drake (Swamp:1)
  A hornet zombie (D:15)
  25 orc warriors
  4 sky beasts
  A black bear (D:12)
  2 eyes of draining
  13 ogres
  20 centaurs
  4 phantoms
  44 wolves
  13 crocodiles
  20 bullfrogs
  3 big kobolds
  A gnoll sergeant (D:8)
  A water moccasin zombie (D:6)
  5 scorpions
  18 wights
  8 killer bees
  A vampire bat (Lair:5)
  10 howler monkeys
  2 hounds
  A quasit (D:8)
  A gnoll shaman (D:6)
  7 jellies
  4 small abominations (Gauntlet)
  17 orc priests
  6 centaur skeletons
  7 iguanas
  3 bullfrog skeletons
  10 worker ants
  41 orc wizards
  2 hell rats (Lair:6)
  A hound zombie (D:10)
  3 worker ant zombies
  A howler monkey skeleton (D:5)
  11 gnolls
  9 adders
  9 river rats (Lair:6)
  2 shadow imps (D:9)
  2 white imps
  2 oozes
  3 ufetubi
  An adder skeleton (D:4)
  2 worms
  4 dart slugs
  2 leopard geckos
  120 orcs
  7 giant cockroaches
  10 goblins
  A hobgoblin (D:3)
  12 jackals
  7 quokkas
  5 ball pythons
  17 bats
  8 frilled lizards
  32 kobolds
  9 rats
  3 fungi
  8 plants
870 creatures vanquished.

Vanquished Creatures (collateral kills)
  A shadow (D:15)
  A phantom (D:8)
  A centaur (D:15)
  A big kobold (D:7)
  A howler monkey (D:13)
  An orc (Orc:1)
  A fungus (D:10)
7 creatures vanquished.

Vanquished Creatures (others)
  A swamp drake (Swamp:2)
  14 demonic plants (Gauntlet)
  22 fungi
  32 plants
69 creatures vanquished.

Grand Total: 946 creatures vanquished

Notes
Turn   | Place    | Note
-------+----------+-------------------------------------------
     0 | D:1      | Inarius the Hill Orc Necromancer began the quest for the
                  | Orb.
     0 | D:1      | Reached XP level 1. HP: 14/14 MP: 3/3
   287 | D:1      | Reached XP level 2. HP: 19/20 MP: 1/4
   333 | D:1      | Learned a level 1 spell: Animate Skeleton
  1342 | D:2      | Reached XP level 3. HP: 17/26 MP: 5/5
  1724 | D:2      | Found an opulent altar of Gozag.
  2218 | D:2      | Reached skill level 5 in Necromancy
  2381 | D:3      | Learned a level 3 spell: Vampiric Draining
  2694 | D:3      | Reached XP level 4. HP: 31/33 MP: 7/7
  2736 | D:3      | Reached skill level 1 in Armour
  3462 | D:3      | Reached XP level 5. HP: 36/38 MP: 8/8
  3910 | D:4      | Reached XP level 6. HP: 38/45 MP: 10/10
  3937 | D:4      | Reached skill level 6 in Necromancy
  4014 | D:4      | Learned a level 4 spell: Animate Dead
  4256 | D:4      | Found a snail-covered altar of Cheibriados.
  4506 | D:4      | Found a staircase to the Ecumenical Temple.
  4515 | Temple   | Entered the Ecumenical Temple
  4593 | Temple   | Became a worshipper of Kikubaaqudgha
  4646 | D:4      | Noticed a phantom
  4664 | D:4      | Killed a phantom
  4758 | D:4      | Found a white marble altar of Elyvilon.
  4871 | D:4      | Reached skill level 1 in Axes
  4871 | D:4      | Reached XP level 7. HP: 50/51 MP: 12/12
  5613 | D:5      | Entered Level 5 of the Dungeon
  5752 | D:5      | Noticed Sigmund
  5760 | D:5      | Killed Sigmund
  5760 | D:5      | Reached skill level 7 in Necromancy
  5832 | D:5      | Found a shimmering altar of Xom.
  5896 | D:5      | Found an ornate altar of the Wu Jian Council.
  5897 | D:5      | Found the amulet of the Air {Inacc +Fly rElec EV+5 RMsl}
  5897 | D:5      | Found a basalt altar of Yredelemnul.
  5979 | D:5      | Found Kephuij's Weapon Boutique.
  6015 | D:5      | Noticed Eustachio
  6292 | D:5      | Reached skill level 1 in Fighting
  6355 | D:5      | Reached XP level 8. HP: 57/59 MP: 14/14
  6498 | D:5      | Found a bloodstained altar of Trog.
  6546 | D:5      | Killed Eustachio
  6765 | D:6      | Found a glowing drain.
  6779 | Sewer    | Entered a sewer
  7423 | Sewer    | Reached * piety under Kikubaaqudgha
  7423 | Sewer    | Identified Kikubaaqudgha's Almanac of Black Rites
                  | (Kikubaaqudgha gifted it to you in a sewer)
  7423 | Sewer    | Received a gift from Kikubaaqudgha
  7959 | D:6      | Reached skill level 8 in Necromancy
  8698 | D:6      | Reached XP level 9. HP: 50/67 MP: 15/15
  8779 | D:6      | Learned a level 2 spell: Sublimation of Blood
  8785 | D:6      | Learned a level 5 spell: Agony
  8811 | D:6      | Reached skill level 5 in Axes
  8813 | D:6      | Reached ** piety under Kikubaaqudgha
  9243 | D:7      | Reached skill level 9 in Necromancy
  9434 | D:7      | Got a faintly humming leather armour
  9702 | D:7      | Found Kiugg's Magic Scroll Boutique.
  9915 | D:7      | Reached skill level 5 in Spellcasting
 10533 | D:7      | Reached *** piety under Kikubaaqudgha
 10533 | D:7      | Identified Kikubaaqudgha's Catalogue of Dark Secrets
                  | (Kikubaaqudgha gifted it to you on level 7 of the Dungeon)
 10533 | D:7      | Received a gift from Kikubaaqudgha
 10615 | D:7      | Bought a scroll of identify for 28 gold pieces
 10615 | D:7      | Bought a scroll of identify for 28 gold pieces
 10615 | D:7      | Bought a scroll of identify for 28 gold pieces
 10615 | D:7      | Bought a scroll of blinking for 105 gold pieces
 10615 | D:7      | Bought a scroll of remove curse for 42 gold pieces
 10615 | D:7      | Bought a scroll of fog for 28 gold pieces
 10615 | D:7      | Bought a scroll of identify for 28 gold pieces
 10615 | D:7      | Bought a scroll of teleportation for 42 gold pieces
 10615 | D:7      | Bought a scroll of magic mapping for 49 gold pieces
 10619 | D:7      | Identified the +1 leather armour "Perat" {-Tele rElec
                  | Regen+ SInv} (You found it on level 7 of the Dungeon)
 10620 | D:7      | Reached skill level 10 in Spellcasting
 10620 | D:7      | Reached XP level 10. HP: 74/74 MP: 24/24
 10666 | D:7      | Found a hazy altar of Hepliaklqana.
 10874 | D:8      | Learned a level 4 spell: Dispel Undead
 10880 | D:8      | Learned a level 5 spell: Borgnjor's Vile Clutch
 11170 | D:8      | Found an iron altar of Okawaru.
 11423 | D:8      | Found Uchoappi's Distillery.
 11427 | D:8      | Bought a potion of flight for 39 gold pieces
 11563 | D:8      | Found Tiut's Magic Scroll Shop.
 11761 | D:8      | Noticed a two-headed ogre
 11771 | D:8      | Killed a two-headed ogre
 11771 | D:8      | Reached skill level 10 in Necromancy
 11771 | D:8      | Reached XP level 11. HP: 52/81 MP: 17/25
 12012 | D:8      | Found Giofem's Antique Armour Boutique.
 12182 | D:9      | Found a sparkling altar of Nemelex Xobeh.
 12193 | D:9      | Reached skill level 1 in Earth Magic
 13012 | D:9      | Reached skill level 1 in Shields
 13260 | D:9      | Found a radiant altar of Vehumet.
 13438 | D:9      | Found a glowing silver altar of Zin.
 13547 | D:10     | Entered Level 10 of the Dungeon
 13568 | D:10     | Noticed Harold
 13579 | D:10     | Reached **** piety under Kikubaaqudgha
 13580 | D:10     | Killed Harold
 13638 | D:10     | Noticed Urug
 13654 | D:10     | Noticed Urug
 13654 | D:10     | Urug changed into Urug the salamander
 13993 | D:10     | Reached skill level 11 in Necromancy
 14029 | D:10     | Noticed Maurice
 14030 | D:10     | Paralysed by Maurice for 7 turns
 14043 | D:10     | Killed Maurice
 14358 | D:10     | Found Siuxkip's Assorted Antiques.
 14367 | D:10     | Bought a scroll labeled TUMPAU EWNEK for 26 gold pieces
 14568 | D:10     | Reached XP level 12. HP: 83/91 MP: 26/26
 14579 | D:10     | Killed Urug the salamander
 14676 | D:10     | Found a staircase to the Lair.
 15015 | D:10     | Noticed an ogre mage
 15022 | D:10     | Killed an ogre mage
 15068 | D:10     | Noticed a four-headed hydra
 15118 | D:10     | Killed a four-headed hydra
 15118 | D:10     | Reached skill level 12 in Necromancy
 15118 | D:10     | Reached skill level 5 in Earth Magic
 15498 | D:11     | Found Ikkehupn's Book Shop.
 15508 | D:11     | Identified the cursed +0 mace of Checkmate {vorpal, Str+7}
                  | (You found it on level 11 of the Dungeon)
 15942 | D:11     | Reached ***** piety under Kikubaaqudgha
 16497 | Lair:1   | Entered Level 1 of the Lair of Beasts
 16575 | Lair:1   | Found a dark tunnel.
 16580 | Volcano  | Entered a volcano
 17246 | Lair:1   | Noticed a four-headed hydra
 17266 | Lair:1   | Killed a four-headed hydra
 17266 | Lair:1   | Reached XP level 13. HP: 94/99 MP: 27/28
 17327 | Lair:1   | Noticed Gastronok
 17339 | Lair:1   | Killed Gastronok
 17339 | Lair:1   | Reached skill level 13 in Necromancy
 17376 | Lair:1   | Reached skill level 1 in Evocations
 19331 | D:8      | Bought a pair of boots for 148 gold pieces
 19331 | D:8      | Bought a glowing buckler for 247 gold pieces
 20043 | Lair:2   | Found a runed translucent gate.
 20043 | Lair:2   | Found a runed translucent gate.
 20043 | Lair:2   | Found a runed translucent gate.
 20222 | Lair:2   | Found a staircase to the Snake Pit.
 20329 | Lair:2   | Noticed MirrMurr's ghost (journeyman TeBe)
 20436 | Lair:3   | Reached skill level 1 in Staves
 20666 | Lair:3   | Found a staircase to the Swamp.
 20988 | Lair:3   | Noticed Rupert
 21012 | Lair:3   | Killed Rupert
 21568 | Lair:4   | Noticed Nessos
 21855 | Lair:4   | Reached skill level 5 in Fighting
 22000 | Lair:4   | Reached skill level 14 in Necromancy
 22098 | Lair:4   | Reached XP level 14. HP: 107/107 MP: 29/29
 22378 | Lair:4   | Noticed Nessos
 22378 | Lair:4   | Nessos changed into Nessos the wind drake
 22382 | Lair:4   | Killed Nessos the wind drake
 23124 | Lair:4   | Reached ****** piety under Kikubaaqudgha
 23128 | Lair:4   | Received a gift from Kikubaaqudgha
 23915 | Lair:5   | Found a runed translucent gate.
 23916 | Lair:5   | Found a runed translucent gate.
 24120 | Lair:5   | Found a runed translucent gate.
 24123 | Lair:5   | Noticed Seod's ghost (journeyman FoAK)
 24345 | Lair:6   | Entered Level 6 of the Lair of Beasts
 24742 | Lair:6   | Found a staircase to the Slime Pits.
 24742 | Lair:6   | Found a viscous altar of Jiyva.
 25843 | Lair:6   | Identified the +3 leather armour of the Gate {SInv} (You
                  | found it on level 6 of the Lair of Beasts)
 26081 | Lair:5   | Cast into level 3 of the Abyss (Seod's ghost)
 26085 | Abyss:3  | Found a corrupted altar of Lugonu.
 26190 | Lair:5   | Escaped the Abyss
 26510 | Lair:2   | Killed MirrMurr's ghost
 26520 | Lair:2   | Reached skill level 10 in Earth Magic
 26598 | Lair:2   | Identified a scroll of acquirement
 26600 | Lair:2   | Acquired 2790 gold pieces
 26773 | D:12     | Reached skill level 15 in Necromancy
 26792 | D:12     | Found a staircase to the Orcish Mines.
 27077 | Orc:1    | Entered Level 1 of the Orcish Mines
 27084 | Orc:1    | Noticed Sonja
 27085 | Orc:1    | Noticed Sonja
 27085 | Orc:1    | Sonja changed into Sonja the hornet
 27085 | Orc:1    | Noticed Nergalle
 27231 | D:12     | Killed Nergalle
 27231 | D:12     | Reached XP level 15. HP: 113/113 MP: 31/31
 27839 | Orc:1    | Found Auseuf's Alliterative Accessories.
 27873 | Orc:1    | Bought a scroll of acquirement for 624 gold pieces
 27873 | Orc:1    | Acquired the Compendium of the Dusty Entourage
 27900 | Orc:1    | Killed Sonja the hornet
 28148 | Orc:2    | Entered Level 2 of the Orcish Mines
 28148 | Orc:2    | Found a staircase to the Elven Halls.
 28480 | Orc:2    | Found a roughly hewn altar of Beogh.
 28965 | Orc:2    | Noticed an orc warlord
 28979 | Orc:2    | Killed an orc warlord
 28984 | Orc:2    | Noticed an orc warlord
 29268 | Orc:2    | Killed an orc warlord
 29458 | Orc:2    | Found Suharooz's Food Shop.
 29822 | Orc:2    | Found a radiant altar of Vehumet.
 29822 | Orc:2    | Noticed Erolcha
 29839 | Orc:2    | Killed Erolcha
 29976 | Orc:2    | Found an ancient bone altar of Kikubaaqudgha.
 30003 | Orc:2    | Found Koulih Gump's Gadget Emporium.
 30025 | Orc:2    | Bought a wand of iceblast (4) for 128 gold pieces
 30072 | Orc:2    | Found a roughly hewn altar of Beogh.
 30072 | Orc:2    | Found Ymupru Biplo's Antique Armour Emporium.
 30102 | Orc:2    | Found Suthre's Distillery.
 30112 | Orc:2    | Found Uvyaja's Distillery.
 30114 | Orc:2    | Bought an encrusted helmet for 218 gold pieces
 30123 | Orc:2    | Bought a potion of heal wounds for 50 gold pieces
 30132 | Orc:2    | Bought a potion of heal wounds for 70 gold pieces
 30338 | Orc:2    | Identified the +1 helmet of Divine Compulsion {rN++ rCorr}
                  | (You bought it in a shop on level 2 of the Orcish Mines)
 30569 | D:12     | Reached skill level 16 in Necromancy
 30858 | D:12     | HP: 3/113 [centaur/arrow (12)]
 32245 | D:13     | Reached skill level 5 in Evocations
 32791 | D:13     | Got a masterwork flail
 32792 | D:13     | Identified the +6 flail of Inarius's Quick Death {vorpal,
                  | +Blink rF+ Str+3} (You found it on level 13 of the Dungeon)
 32890 | D:14     | Found a gate leading to a gauntlet.
 32912 | Gauntlet | Entered a Gauntlet
 32912 | Gauntlet | Found a transporter.
 32921 | Gauntlet | Found a transporter.
 32923 | Gauntlet | Found a transporter.
 32923 | Gauntlet | Found a transporter.
 32926 | Gauntlet | Found a transporter.
 32927 | Gauntlet | Found a transporter.
 32933 | Gauntlet | Found a runed translucent gate.
 32934 | Gauntlet | Found a runed translucent gate.
 32935 | Gauntlet | Found a transporter.
 32940 | Gauntlet | Found a transporter.
 32943 | Gauntlet | Found a runed translucent gate.
 32962 | Gauntlet | Found a transporter.
 32964 | Gauntlet | Found a transporter.
 32972 | Gauntlet | Found a transporter.
 33002 | Gauntlet | Found a transporter.
 33219 | Gauntlet | Got a pitted lead ring
 33224 | Gauntlet | Identified the ring "Hakkuck" {rCorr Str-5 Dex+8} (You
                  | found it in a Gauntlet)
 33326 | Gauntlet | Got a spiked hat
 33337 | Gauntlet | Identified the +0 hat of Wyhuastre {rF+++ Str+5 Int-4} (You
                  | found it in a Gauntlet)
 33835 | D:14     | Found a transporter.
 33840 | D:14     | Noticed melvinkitnick's ghost (journeyman GrEE)
 33970 | D:14     | Found a transporter.
 33995 | D:14     | Learned a level 8 spell: Infestation
 34102 | D:14     | Reached XP level 16. HP: 121/121 MP: 32/32
 34463 | D:14     | Found a gate to the Vaults.
 34494 | D:14     | Reached skill level 17 in Necromancy
 34725 | D:15     | Entered Level 15 of the Dungeon
 34725 | D:15     | Identified Roxanne's Papyrus of Transmigration
 34725 | D:15     | Noticed Roxanne
 34928 | D:15     | Found a portal to a secret trove of treasure.
 34950 | D:15     | Found a blossoming altar of Fedhas.
 35617 | D:15     | Found a staircase to the Depths.
 36372 | Swamp:1  | Entered Level 1 of the Swamp
 38448 | Swamp:2  | HP: 3/122 [hornet (8)]
 38449 | Swamp:2  | Slain by a spriggan rider

Illustrated notes

Levels and vault maps discovered:
D:1:      moated_graveyard_arrival, layout_basic, corner_web_ring
D:2:      layout_loops_corners, nicolae_gozag_cash_rules_everything_around_me
D:3:      layout_loops_corners, first_ration
D:4:      layout_basic, kennysheep_slug_shrine, elyvilon_altar_1,
          minmay_temple_entry_statues_pillars
D:5:      layout_loops_corners, trog_eyes_of_draining,
          nicolae_overflow_crystal_walls,
          chequers_temple_overflow_statue_of_worship, serial_shops, shop,
          uniq_eustachio, uniq_sigmund
D:6:      layout_cave_pods, cheibrodos_sewer_entry_drain
D:7:      layout_cave_pools, lemuel_round_altar, serial_shops, shop
D:8:      layout_loops_cross, kennysheep_okawaru_gauntlet, serial_shops, shop,
          nicolae_shop_overgrown_old_shop, shop, grunt_ogre_cave,
          chequers_hall_statues_wall_a, chequers_serial_rivers_room_a
D:9:      layout_roguey, zin_scriptorium, lemuel_doored_altar,
          nemelex_xobeh_ov_fountains_minmay, nicolae_wand_duel
D:10:     hangedman_cross_stitches, layout_loops_ring,
          grunt_lair_entry_orc_guard_hut, serial_shops, nicolae_shop_stone,
          minmay_diamond_spiral, uniq_urug, uniq_harold, uniq_maurice
D:11:     layout_basic, serial_shops,
          nicolae_shop_temple_entry_statues_fountains
D:12:     layout_basic
D:13:     layout_rooms
D:14:     layout_gridville, erik_vaults_1, gauntlet_entry_generic,
          gammafunk_ghost_stat_death, chequers_serial_rivers_small_a,
          minmay_misc_feat_square
D:15:     grunt_enter_depths_magical_seal, layout_small_grid, fedhas_altar_3,
          nicolae_trove_entry_free_sample, uniq_roxanne
Temple:   minmay_temple_curvy_loop
Lair:1:   layout_gridlike, enter_volcano_4, beast_lair_carwin_2,
          grunt_megastairs_5, minmay_lair_oklob_chamber, uniq_gastronok
Lair:2:   layout_regular_city, dummy_snake_entry, gammafunk_ghost_hydra_chop,
          infiniplex_staircase_pool, grunt_megastairs_1
Lair:3:   layout_roguey, skrybe_swamp_entry_bodies, lemuel_fruit_tree,
          uniq_rupert
Lair:4:   layout_cave_shapes, minivault_11, grunt_forest_large_clearings,
          uniq_nessos
Lair:5:   layout_regular_city, gammafunk_ghost_split, roderic_batcave,
          grunt_megastairs_3
Lair:6:   grunt_lair_end_beastmaster, layout_cave_pods, slime_altar_1,
          minivault_24, kennysheep_rathole, grunt_megastairs_2
Swamp:1:  layout_basic_swamp, evilmike_swamp_ruin_house_6, swamp_pool3
Swamp:2:  layout_falls_marsh, evilmike_swamp_ruin_rubble_1, uniq_jorgrun
Orc:1:    layout_caves, abandoned_shop, nicolae_alphabet_shops, uniq_sonja,
          uniq_nergalle
Orc:2:    kennysheep_orc_mage_school, layout_caves, serial_shops,
          nicolae_shop_crystal, mines2_david

Skill      XL: |  1  2  3  4  5  6  7  8  9 10 11 12 13 14 15 16 |
---------------+-------------------------------------------------+-----
Necromancy     | 5 6 7 8 9 10 11 12 14 15 16 17 | 17.6
Spellcasting   | 2 3 4 10 11 12 | 12.4
Armour         | 1 2 3 4 |  4.4
Axes           | 1 3 4 6 7 |  7.2
Fighting       | 1 2 4 5 |  5.7
Dodging        | 2 3 4 |  4.9
Earth Magic    | 3 6 8 10 11 | 11.4
Shields        | 1 2 3 4 |  4.7
Evocations     | 1 3 5 |  5.6
Staves         | 1 2 |  2.1
Short Blades   | |  0.1
Stealth        | |  1.6

Action                   |  1- 3 |  4- 6 |  7- 9 | 10-12 | 13-15 | 16-18 || total
-------------------------+-------+-------+-------+-------+-------+-------++-------
Melee: Dagger            |    32 |    42 |       |       |       |       ||    74
       War axe           |       |    19 |   274 |   221 |       |       ||   514
       Staff             |       |       |       |    21 |   515 |   105 ||   641
Throw: Boomerang         |       |       |     1 |       |       |       ||     1
 Cast: Pain              |    63 |    39 |   104 |    39 |     4 |     3 ||   252
       Vampiric Draining |       |    18 |    63 |    78 |    48 |    17 ||   224
       Animate Skeleton  |       |     4 |     3 |       |       |       ||     7
       Animate Dead      |       |       |     5 |     7 |     6 |       ||    18
       Agony             |       |       |     1 |       |       |     2 ||     3
       Dispel Undead     |       |       |       |    14 |    14 |    18 ||    46
       Borgnjor's Vile C |       |       |       |    60 |   352 |    74 ||   486
Invok: Receive Necronomi |       |       |       |       |     1 |       ||     1
Evoke: Wand              |       |       |     5 |    10 |    52 |    12 ||    79
       Phial of floods   |       |       |       |     1 |     1 |     2 ||     4
  Use: Scroll            |     1 |     5 |    14 |    10 |    25 |     2 ||    57
       Potion            |       |     1 |     4 |     2 |     1 |       ||     8
 Stab: Sleeping          |     5 |       |       |     2 |       |       ||     7
       Paralysed         |       |       |     9 |       |       |       ||     9
       Petrified         |       |       |       |       |     3 |       ||     3
  Eat: Ration            |     2 |     2 |     5 |     6 |    15 |     4 ||    34
Armor: Robe              |     8 |       |       |       |       |       ||     8
       Leather armour    |     1 |    21 |    89 |    99 |   200 |    77 ||   487
       Steam dragon scal |       |       |       |    48 |   135 |       ||   183
Dodge: Dodged            |    33 |    45 |   201 |   194 |   399 |    87 ||   959
Block: Buckler           |       |       |    16 |    49 |    77 |       ||   142
       Kite shield       |       |       |       |       |   244 |    94 ||   338

Table legend:
 A = Non-vault XP
 B = Vault XP
 C = Vault XP percentage of total XP
 D = Non-vault monster count
 E = Vault monster count
 F = Vault count percentage of total count
                 A         B        C        D         E       F
            +---------+---------+-------+---------+---------+-------
      Total |   97447 |   58677 |  37.6 |     652 |     214 |  24.7
            +---------+---------+-------+---------+---------+-------
        D:1 |      31 |       0 |   0.0 |      16 |       0 |   0.0
        D:2 |      27 |       0 |   0.0 |      16 |       0 |   0.0
        D:3 |     120 |       0 |   0.0 |      33 |       0 |   0.0
        D:4 |     632 |       4 |   0.6 |      20 |       1 |   4.8
        D:5 |     345 |     572 |  62.4 |       7 |       5 |  41.7
        D:6 |    1399 |       7 |   0.5 |      36 |       2 |   5.3
        D:7 |    1061 |       0 |   0.0 |      38 |       0 |   0.0
        D:8 |    2020 |     125 |   5.8 |      22 |       3 |  12.0
        D:9 |    2148 |       0 |   0.0 |      29 |       0 |   0.0
       D:10 |    5160 |    6538 |  55.9 |      38 |      21 |  35.6
       D:11 |    4700 |       0 |   0.0 |      20 |       0 |   0.0
       D:12 |   12153 |     804 |   6.2 |      73 |       1 |   1.4
       D:13 |    6391 |       0 |   0.0 |      27 |       0 |   0.0
       D:14 |    9434 |    1808 |  16.1 |      33 |       2 |   5.7
       D:15 |    9651 |    5498 |  36.3 |      41 |      10 |  19.6
     Lair:1 |    3360 |    5561 |  62.3 |      17 |      13 |  43.3
     Lair:2 |    3618 |    2507 |  40.9 |      16 |       3 |  15.8
     Lair:3 |    5310 |    3165 |  37.3 |      22 |       2 |   8.3
     Lair:4 |    6956 |    3170 |  31.3 |      21 |      23 |  52.3
     Lair:5 |    1757 |     672 |  27.7 |       9 |      10 |  52.6
     Lair:6 |    2371 |   12581 |  84.1 |       9 |      36 |  80.0
    Swamp:1 |    7188 |       0 |   0.0 |      20 |       0 |   0.0
    Swamp:2 |    1701 |       0 |   0.0 |       5 |       0 |   0.0
      Orc:1 |    1213 |     282 |  18.9 |      27 |       1 |   3.6
      Orc:2 |    8693 |    7754 |  47.1 |      56 |      43 |  43.4
    Abyss:3 |       8 |       0 |   0.0 |       1 |       0 |   0.0
      Sewer |       0 |      46 | 100.0 |       0 |      23 | 100.0
    Volcano |       0 |    1401 | 100.0 |       0 |       4 | 100.0
   Gauntlet |       0 |    6182 | 100.0 |       0 |      11 | 100.0
            +---------+---------+-------+---------+---------+-------
